 Dungeon Crawl Stone Soup version 0.29.1-12-g30fa7ad0bf (webtiles) character file.

Game seed: 12952936777013656284

18 KittyFluff the Trooper (level 2, -2/28 HPs)
             Began as a Gargoyle Berserker on Jan 15, 2023.
             Was a Follower of Trog.
             Slain by a goblin
             ... wielding a +0 club
             ... led by Robin
              (5 damage)
             ... on level 2 of the Dungeon.
             The game lasted 00:03:47 (937 turns).

KittyFluff the Trooper (Gargoyle Berserker)          Turns: 937, Time: 00:03:48

Health: -2/28      AC:  6    Str: 20    XL:     2   Next: 70%
Magic:  2/2        EV: 11    Int:  7    God:    Trog [*.....]
Gold:   71         SH:  0    Dex:  9    Spells: 1/1 levels left

rFire   . . .      SeeInvis .   a - +0 mace
rCold   . . .      Faith    .   (no shield)
rNeg    + . .      Spirit   .   f - +0 leather armour
rPois   ∞          Reflect  .   (no helmet)
rElec   +          Harm     .   (no cloak)
rCorr   .          Rampage  .   (no gloves)
Will    .....                   (no boots)
Stlth   ..........              (no amulet)
HPRegen 0.09/turn               (no ring)
MPRegen 0.08/turn               (no ring)

@: berserking, very quick
A: sickness immunity, AC +2, negative energy resistance 1, electricity
resistance, torment resistance 1, petrification resistance
a: Renounce Religion, Berserk


You were on level 2 of the Dungeon.
You worshipped Trog.
Trog was aware of your devotion.
You visited 1 branch of the dungeon, and saw 2 of its levels.

You collected 71 gold pieces.

Inventory:

Hand Weapons
 a - a +0 mace (weapon)
Missiles
 d - 14 stones (quivered)
Armour
 f - a +0 leather armour (worn)
Wands
 b - a wand of iceblast (3)
Scrolls
 e - a scroll of immolation {unknown}
Potions
 c - a potion of might {unknown}


   Skills:
 + Level 3.4 Fighting
 * Level 3.3 Maces & Flails
 * Level 2.7 Armour
 + Level 1.8 Dodging


You had one spell level left.
You didn't know any spells.
Your spell library was empty.

Dungeon Overview and Level Annotations

Branches:
Dungeon (2/15)

Altars:

Annotations:
D:2 Robin


Innate Abilities, Weirdness & Mutations

You are immune to sickness and miasma.
Your stone body is resilient. (AC +2)
You are immune to poison.
You resist negative energy. (rN+)
You are resistant to electric shocks. (rElec)
You are resistant to unholy torment.
You are immune to petrification.


Message History

A goblin comes into view. It is wielding a +0 club.
The goblin closely misses you.
You barely miss the goblin.
The hobgoblin hits you but does no damage.
The goblin barely misses you.
You barely miss the goblin.
The hobgoblin hits you but does no damage.
The goblin hits you with a +0 club.
Robin points. "Kill!"
The hobgoblin closely misses you.
Robin says, "My goblins will feast on your bones."
Robin roars a battlecry!
The goblin goes into a battle-frenzy!
The goblin hits you with a +0 club.
You barely miss the goblin. The goblin hits you with a +0 club.
The hobgoblin hits you.
* * * LOW HITPOINT WARNING * * *
A red film seems to cover your vision as you go berserk!
You feel yourself moving faster!
You feel mighty! The hobgoblin completely misses you.
A goblin comes into view. It is wielding a +0 club.
The goblin hits you but does no damage.
You sock the goblin!
You kill the goblin!
Trog accepts your kill.
The hobgoblin hits you but does no damage.
Robin throws the goblin at you!
You barely miss the hobgoblin. The goblin barely misses you.
The hobgoblin closely misses you.
You sock the goblin!
You kill the goblin!
Trog accepts your kill.
You sock the hobgoblin!
You kill the hobgoblin!
Trog accepts your kill.
You closely miss the goblin. The goblin barely misses you.
Robin throws the goblin at you! The goblin hits you with a +0 dagger.
* * * LOW HITPOINT WARNING * * *
You closely miss the goblin. The goblin hits you with a +0 club.
You die...

#.# #.# #
#.# #.#
#.#.#.#.#
#.#.#.#.#
.....#.#
###.###.#
#gg.....#
#g#....<#
#@#..##.#
#g#.....#
#.#.###.#
!.#.....#
#########


You could see Robin and 3 goblins.

Vanquished Creatures
  2 endoplasms (D:1)
  3 goblins
  4 hobgoblins
  6 kobolds (D:1)
  A rat (D:1)
16 creatures vanquished.

Notes
Turn   | Place    | Note
-------+----------+-------------------------------------------
     0 | D:1      | KittyFluff the Gargoyle Berserker began the quest for the
                  | Orb.
     0 | D:1      | Reached XP level 1. HP: 14/14 MP: 1/1
   368 | D:1      | Reached XP level 2. HP: 17/19 MP: 2/2
   917 | D:2      | Noticed Robin
   937 | D:2      | Slain by a goblin

Illustrated notes

Levels and vault maps discovered:
D:1:      lemuel_arrival_tunnels, layout_basic
D:2:      layout_basic, hex_intersection, supply_closet_lemuel,
          chequers_serial_rivers_micro_d, grunt_decor_mini_mirrors, uniq_robin

Action                   || total
-------------------------++-------
Melee: Mace              ||    47
Invok: Berserk           ||     1
Armor: Animal skin       ||     5
       Leather armour    ||    15
Dodge: Dodged            ||    34
